 Dungeon Crawl Stone Soup version 0.27-a0-1119-gbf574a6a6b (webtiles) character file.

Game seed: 8524733921453804930

901 Zeld the Shield-Bearer (level 8, -1/57 (62) HPs)
             Began as an Octopode Fighter on May 2, 2021.
             Was an Initiate of Okawaru.
             Slain by an ice beast (13 damage)
             ... on level 6 of the Dungeon.
             The game lasted 00:04:32 (5583 turns).

Zeld the Shield-Bearer (Octopode Fighter)           Turns: 5583, Time: 00:04:33

HP:   -1/57 (62)    AC:  1    Str: 18    XL:     8   Next: 7%
MP:   8/8           EV: 11    Int: 10    God:    Okawaru [......]
Gold: 89            SH: 10    Dex: 11    Spells: 7/7 levels left

rFire    . . .     SeeInvis .   a - +0 war axe
rCold    . . .     Faith    .   b - +0 kite shield
rNeg     . . .     Spirit   .   (helmet restricted)
rPois    .         Reflect  .   (no amulet)
rElec    .         Harm     .   g - ring of flight
rCorr    .         Rampage  .   (no ring)
Will     .....                  (no ring)
Stlth    ++........             (no ring)
HPRegen  0.19/turn              (no ring)
MPRegen  0.11/turn              (no ring)
                                (no ring)
                                (no ring)

@: flying, drained
A: almost no armour, amphibious, 8 rings, camouflage 1, gelatinous body 1,
(nimble swimmer 1), tentacles, mutation resistance 1, robust 1
a: Renounce Religion


You were on level 6 of the Dungeon.
You worshipped Okawaru.
Okawaru was noncommittal.
You visited 2 branches of the dungeon, and saw 7 of its levels.

You collected 89 gold pieces.

Inventory:

Hand Weapons
 a - a +0 war axe (weapon)
Armour
 b - a +0 kite shield (worn)
Jewellery
 g - a ring of flight (left tentacle)
Wands
 c - a wand of flame (12)
 m - a wand of paralysis (7)
Scrolls
 f - a scroll of fear {unknown}
 i - a scroll of identify {unknown}
 j - a scroll of immolation {unknown}
 k - a scroll of teleportation {unknown}
Potions
 d - a potion of invisibility {unknown}
 e - a potion of brilliance {unknown}
 h - a potion of cancellation {unknown}
 l - a potion of flight {unknown}


   Skills:
 * Level 5.9 Fighting
 * Level 5.4 Axes
 - Level 3.0 Dodging
 * Level 6.0 Shields


You had 7 spell levels left.
You didn't know any spells.
Your spell library contained the following spells:

 Spells                   Type           Power      Damage    Failure   Level
 Animate Skeleton         Necr           0%         N/A       77%         1
 Apportation              Tloc           0%         N/A       77%         1
 Corona                   Hex            0%         N/A       77%         1
 Magic Dart               Conj           0%         1d3       77%         1
 Summon Small Mammal      Summ           0%         N/A       77%         1
 Blink                    Tloc           N/A        N/A       88%         2
 Call Imp                 Summ           0%         N/A       88%         2
 Slow                     Hex            0%         N/A       88%         2
 Conjure Flame            Conj/Fire      0%         6-21      98%         3
 Mephitic Cloud           Conj/Pois/Air  0%         N/A       98%         3


Dungeon Overview and Level Annotations

Branches:
Dungeon (7/15)             Temple (1/1) D:7

Altars:
Ashenzari
Cheibriados
Dithmenos
Elyvilon
Fedhas
Gozag
Hepliaklqana
Kikubaaqudgha
Makhleb
Nemelex Xobeh
Okawaru
Qazlal
Ru
Sif Muna
Trog
Uskayaw
Vehumet
Wu Jian
Yredelemnul
Zin
The Shining One


Innate Abilities, Weirdness & Mutations

You cannot wear most types of armour.
You are amphibious.
You can wear up to eight rings at the same time.
Your skin changes colour to match your surroundings (Stealth+).
Your rubbery body absorbs attacks. (AC +1, EV +1)
((You are camouflaged near water. (Stealth+)))
You have tentacles for arms and can constrict up to eight enemies at once.
You are somewhat resistant to further mutation.
You are robust. (+10% HP)


Message History

You barely miss the ice beast.
The wight hits you from afar with a +0 trident.
You feel drained. You block the ice beast's attack.
You hit the ice beast.
The ice beast is lightly wounded.
You block the ice beast's attack.
The wight hits you from afar with a +0 trident!
You feel drained. You block the wight's attack.
The ice beast barely misses you.
You are too injured to fight recklessly!
You are too injured to fight recklessly!
You slash the ice beast!
The ice beast is heavily wounded.
The ice beast closely misses you.
The wight hits you from afar with a +0 trident!
* * * LOW HITPOINT WARNING * * *
You feel drained.
* * * LOW HITPOINT WARNING * * *
Okay, then.
Press: ? - help, v - describe, . - travel
Here: a wight, wielding a +0 trident and wearing a +0 robe The floor.
Something bites the bush but does no damage.
You block the ice beast's attack.
Something bites the bush but does no damage.
An orc and an orc priest come into view.
Found 15 gold pieces.
A hound comes into view.
The hound barks!
The hound bites you.
* * * LOW HITPOINT WARNING * * *
You miss the hound. Your grab misses the hound. The hound barely misses you.
The hound bites you.
* * * LOW HITPOINT WARNING * * *
You closely miss the hound. Your grab misses the hound.
Your squeeze misses the hound. You barely miss the ice beast.
You block the hound's attack. The ice beast hits you.
* * * LOW HITPOINT WARNING * * *
The ice beast freezes you!
You die...

##############
#...zY@h......
#.############
#.# #z# #.#
..#.###.#
........#
...####.#
#......#


You could see an ice beast, a hound and a wight.

Vanquished Creatures
  Sigmund (D:2)
  An ice beast (D:7)
  An ogre (D:6)
  Dowan (D:7)
  A water moccasin skeleton (D:2)
  3 wights
  Crazy Yiuf (D:3)
  A hound (D:6)
  Ijyb (D:3)
  Natasha (thrice) (D:2)
  3 gnolls (D:3)
  An adder (D:3)
  2 worms (D:3)
  2 dart slugs
  6 orcs
  4 bats
  3 endoplasms
  4 giant cockroaches
  9 goblins
  6 hobgoblins
  7 jackals
  2 kobolds
  4 quokkas
  8 ball pythons
  3 frilled lizards
  6 rats
84 creatures vanquished.

Vanquished Creatures (collateral kills)
  Duvessa (D:7)
  3 orcs (D:7)
4 creatures vanquished.

Vanquished Creatures (others)
  3 fungi (D:6)
  5 toadstools (D:6)
8 creatures vanquished.

Grand Total: 96 creatures vanquished

Notes
Turn   | Place    | Note
-------+----------+-------------------------------------------
     0 | D:1      | Zeld the Octopode Fighter began the quest for the Orb.
     0 | D:1      | Reached XP level 1. HP: 16/16 MP: 1/1
   131 | D:1      | Reached XP level 2. HP: 21/21 MP: 2/2
   707 | D:1      | Reached XP level 3. HP: 19/26 MP: 3/3
  1847 | D:2      | Noticed Sigmund
  1880 | D:2      | Reached XP level 4. HP: 28/33 MP: 4/4
  2101 | D:2      | Killed Sigmund
  2102 | D:2      | Reached skill level 4 in Shields
  2102 | D:2      | Reached XP level 5. HP: 38/38 MP: 5/5
  2102 | D:2      | Reached XP level 6. HP: 44/44 MP: 6/6
  2344 | D:2      | Noticed Natasha
  2345 | D:2      | Killed Natasha
  2353 | D:2      | Noticed Natasha
  2359 | D:2      | Killed Natasha
  2519 | D:2      | Noticed Natasha
  2523 | D:2      | Found a faded altar of an unknown god.
  2529 | D:2      | Killed Natasha
  2953 | D:3      | Found a runed translucent door.
  2954 | D:3      | Noticed Crazy Yiuf
  3237 | D:3      | Noticed Ijyb
  3240 | D:3      | Paralysed by Ijyb for 3 turns
  3244 | D:3      | Killed Ijyb
  3367 | D:3      | Reached skill level 5 in Shields
  3382 | D:3      | Reached skill level 5 in Fighting
  3383 | D:3      | Reached XP level 7. HP: 45/50 MP: 7/7
  3843 | D:3      | Killed Crazy Yiuf
  4112 | D:4      | You are sucked into a shaft and drop 3 floors!
  4127 | D:7      | Noticed Dowan
  4141 | D:7      | Noticed Duvessa
  4149 | D:7      | HP: 1/50 [Duvessa/+0 rapier (12)]
  4155 | D:7      | Killed Duvessa
  4162 | D:7      | Gained mutation: You are somewhat resistant to further
                  | mutation. [potion of mutation]
  4162 | D:7      | Gained mutation: You are robust. (+10% HP) [potion of
                  | mutation]
  4185 | D:7      | Killed Dowan
  4426 | D:7      | Found a staircase to the Ecumenical Temple.
  4439 | Temple   | Entered the Ecumenical Temple
  4457 | Temple   | Became a worshipper of Warmaster Okawaru
  5072 | D:7      | Reached skill level 5 in Axes
  5408 | D:6      | Reached skill level 6 in Shields
  5408 | D:6      | Reached XP level 8. HP: 45/62 MP: 8/8
  5583 | D:6      | Slain by an ice beast

Illustrated notes

Levels and vault maps discovered:
D:1:      minmay_arrival_up_and_down, layout_loops_corners, minmay_tetromino_l4
D:2:      layout_basic, hellmonk_ecumenical_altar_inner_sanctum, uniq_sigmund,
          uniq_natasha
D:3:      layout_loops_ring, grunt_ministairs_13, uniq_crazy_yiuf_cottage,
          uniq_ijyb
D:4:      layout_basic, enter_ossuary_5, eino_tiny_chamber,
          chequers_serial_rivers_micro_a, uniq_blork_the_orc, uniq_menkaure,
          uniq_grinder
D:6:      layout_loops_ring, ebering_ghost_sewer_d, minmay_gold_behind_fungi,
          minmay_hedge_maze
D:7:      layout_layer_cave, minmay_temple_entry_wispy, uniq_maggie,
          uniq_duvessa
Temple:   nicolae_temple_the_god_donut

Skill      XL: |  1  2  3  4  5  6  7 |
---------------+----------------------+-----
Axes           | 3 4 5 |  5.4
Fighting       | 4 5 |  5.9
Shields        | 4 5 6 |  6.0
Dodging        | |  3.0

Action                   |  1- 3 |  4- 6 |  7- 9 || total
-------------------------+-------+-------+-------++-------
Melee: War axe           |    68 |    62 |    46 ||   176
       Constrict         |    18 |    18 |     6 ||    42
       Tentacles         |     7 |    13 |    12 ||    32
  Use: Potion            |       |     1 |     4 ||     5
       Scroll            |       |       |     1 ||     1
 Stab: Sleeping          |    10 |     3 |       ||    13
Armor: Skin              |     1 |     1 |     2 ||     4
Dodge: Dodged            |    30 |    43 |    24 ||    97
Block: Kite shield       |    34 |    36 |    29 ||    99

Table legend: (Time is in decaauts)
 A = Elapsed time spent in this place.
 B = Non-inter-level travel time spent in this place.
 C = Inter-level travel time spent in this place.
 D = Time resting spent in this place.
 E = Time spent auto-exploring this place.
 F = Levels seen in this place.
 G = Mean time per level.
                   A        B        C        D        E       F      G
               +--------+--------+--------+--------+--------+-----+--------+
         Total |   5674 |   5543 |    131 |      4 |   4741 |   7 |  810.6 |
       Dungeon |   5071 |   4966 |    105 |      4 |   4178 |   6 |  845.2 |
        Temple |    603 |    577 |     26 |      0 |    563 |   1 |  603.0 |
               +--------+--------+--------+--------+--------+-----+--------+

Top non-repeatable levels by time:
     D:1: 1539 daAuts
     D:3: 1375 daAuts
     D:2: 1250 daAuts
  Temple: 603 daAuts
     D:6: 471 daAuts
     D:7: 413 daAuts
     D:4: 20 daAuts
